 Dungeon Crawl Stone Soup version 0.26.1-11-gd32895ea62 (webtiles) character file.

Game seed: 10935101089141970157

312 hawla the Conjurer (level 6, -6/47 HPs)
             Began as a Draconian Conjurer on July 9, 2021.
             Mangled by Duvessa
             ... wielding a +2 short sword of protection
              (11 damage)
             ... on level 4 of the Dungeon on July 11, 2021.
             The game lasted 00:12:28 (3665 turns).

hawla the Conjurer (Draconian Conjurer)             Turns: 3665, Time: 00:12:28

Health: -6/47      AC:  6    Str:  9    XL:     6   Next: 18%
Magic:  3/18       EV: 12    Int: 20    God:
Gold:   173        SH:  0    Dex: 10    Spells: 3/10 levels left

rFire    . . .     SeeInvis .   (no weapon)
rCold    . . .     Faith    .   (no shield)
rNeg     . . .     Spirit   .   (armour unavailable)
rPois    .         Reflect  .   (helmet restricted)
rElec    .         Harm     .   (no cloak)
rCorr    .         Rampage  .   (no gloves)
Will     .....                  (no boots)
Stlth    +++.......             m - amulet of regeneration
HPRegen  0.55/turn              a - ring of magical power
MPRegen  0.16/turn              c - ring of stealth

@: no status effects
A: unfitting armour, cold-blooded, AC +6
a: no special abilities


You were on level 4 of the Dungeon.
You visited 1 branch of the dungeon, and saw 4 of its levels.

You collected 173 gold pieces.

Inventory:

Missiles
 h - 19 poisoned darts
 j - 8 boomerangs
Jewellery
 a - a ring of magical power (left hand)
 c - a ring of stealth (right hand)
 m - an amulet of regeneration (around neck)
Wands
 i - a wand of polymorph (8)
Scrolls
 b - 5 scrolls of remove curse
Potions
 e - a potion of haste {unknown}
 g - a potion of might


   Skills:
 - Level 1.0 Fighting
 - Level 1.7 Dodging
 - Level 1.7 Stealth
 - Level 2.5 Spellcasting
 + Level 6.0 Conjurations
 + Level 3.6 Translocations


You had 3 spell levels left.
You knew the following spells:

 Your Spells              Type           Power        Failure   Level
a - Magic Dart            Conj           100%         1%          1
b - Searing Ray           Conj           52%          1%          2
c - Iskenderun's Mystic   Conj/Tloc      21%          21%         4

Your spell library contained the following spells:

 Spells                   Type           Power        Failure   Level
 Dazzling Flash           Conj/Hex       28%          13%         3
 Fulminant Prism          Conj/Hex       7%           41%         4


Dungeon Overview and Level Annotations

Branches:
Dungeon (4/15)
 Temple: D:4-7

Altars:
Ashenzari
Makhleb
Qazlal

Annotations:
D:4 Duvessa


Innate Abilities, Weirdness & Mutations

Your plain brown scales are hard. (AC +6)
You cannot fit into any form of body armour.
You are cold-blooded and may be slowed by cold attacks.


Message History

Duvessa is almost dead.
You finish channeling your searing ray.
Duvessa hits you with a +2 short sword of protection! x2
* * * LOW HITPOINT WARNING * * *
As you read the scroll of fear, it crumbles to dust.
You assume a fearsome visage.
The orc looks frightened!
Duvessa closely misses you.
The orc nearly stumbles in trying to escape.
Duvessa hits you with a +2 short sword of protection!
* * * LOW HITPOINT WARNING * * *
Casting: Searing Ray (safe; 1% risk of failure)
Confirm with . or Enter, or press ? or * to list all spells.
Aiming: Searing Ray (safe; 1% risk of failure)
Press: ? - help, Shift-Dir - straight line, f/p - Duvessa
Aim: Duvessa, wielding a +2 short sword of protection and wearing a +0 leather armour (almost dead, berserk, fast, 18% to evade)
The searing ray hits Duvessa!
Duvessa is almost dead. (Press . to maintain the ray.) Duvessa hits you with a +2 short sword of protection!
You die...

######
#....####
#...<...###
#.........#
#...>.....#
#.........#
#....e@..##
#.......##
##...[###
####o. ###


You could see Duvessa (berserk, fast) and an orc (fleeing).

Vanquished Creatures
  An ogre (D:2)
  Dowan (D:4)
  An orc wizard (D:3)
  6 gnolls
  2 adders (D:2)
  A worm (D:2)
  2 dart slugs (D:2)
  5 orcs (D:3)
  11 bats
  4 giant cockroaches
  8 goblins
  5 hobgoblins
  2 jackals (D:1)
  2 quokkas
  A ball python (D:2)
  5 frilled lizards
  5 kobolds
  5 rats
67 creatures vanquished.

Notes
Turn   | Place    | Note
-------+----------+-------------------------------------------
     0 | D:1      | hawla the Draconian Conjurer began the quest for the Orb.
     0 | D:1      | Reached XP level 1. HP: 14/14 MP: 3/3
   349 | D:1      | Reached XP level 2. HP: 22/22 MP: 1/5
   360 | D:1      | Learned a level 2 spell: Searing Ray
  1078 | D:2      | Reached skill level 1 in Fighting
  1127 | D:2      | Reached skill level 1 in Translocations
  1127 | D:2      | Reached XP level 3. HP: 28/28 MP: 6/6
  1289 | D:2      | Noticed an ogre
  1298 | D:2      | Found a stormy altar of Qazlal.
  1655 | D:2      | Reached XP level 4. HP: 20/35 MP: 7/7
  1660 | D:2      | Learned a level 4 spell: Iskenderun's Mystic Blast
  1852 | D:2      | You fall into a shaft and drop 1 floor!
  1898 | D:3      | Reached skill level 5 in Conjurations
  2469 | D:2      | Killed an ogre
  2470 | D:2      | Reached XP level 5. HP: 5/40 MP: 6/8
  2933 | D:3      | Found a burning altar of Makhleb.
  3247 | D:3      | Found a broken altar of Ashenzari.
  3652 | D:4      | Noticed Duvessa
  3654 | D:4      | Noticed Dowan
  3657 | D:4      | Killed Dowan
  3658 | D:4      | Reached skill level 6 in Conjurations
  3658 | D:4      | Reached XP level 6. HP: 44/47 MP: 8/9
  3665 | D:4      | Mangled by Duvessa

Illustrated notes

Levels and vault maps discovered:
D:1:      erik_arrival_blinker_ship, layout_basic, grunt_decor_arrowhead,
          minmay_misc_feat_cross, nrook_mini_vaults
D:2:      layout_loops_cross, nicolae_qazlal_general_emergency
D:3:      layout_basic, lemuel_crystal_altar, general_overflow_altar
D:4:      layout_cave_pods, serial_shops, shop_statue, uniq_grinder,
          uniq_duvessa, uniq_edmund

Skill      XL: |  1  2  3  4  5 |
---------------+----------------+-----
Fighting       | 1 |  1.0
Translocations | 1 3 |  3.6
Conjurations   | 5 6 |  6.0
Dodging        | |  1.7
Stealth        | |  1.7
Spellcasting   | |  2.5

Action                   |  1- 3 |  4- 6 || total
-------------------------+-------+-------++-------
Melee: Unarmed           |    16 |     1 ||    17
       Tailslap          |     1 |       ||     1
 Cast: Magic Dart        |    27 |    44 ||    71
       Searing Ray       |    15 |    16 ||    31
       Iskenderun's Myst |       |     2 ||     2
  Use: Scroll            |     4 |     5 ||     9
Armor: Skin              |     5 |     1 ||     6
Dodge: Dodged            |    21 |     6 ||    27
